 Dungeon Crawl Stone Soup version 0.28-a0-172-g787e458d71 (webtiles) character file.

Game seed: 9393897704729373516

3280 wakim the Destroyer (level 9, 0/48 (55) HPs)
             Began as a Deep Elf Conjurer on Aug 16, 2021.
             Was a Follower of Vehumet.
             Slain by an orc warrior (5 damage)
             ... on level 7 of the Dungeon.
             The game lasted 00:17:28 (8893 turns).

wakim the Destroyer (Deep Elf Conjurer)             Turns: 8893, Time: 00:17:29

HP:   0/48 (55)     AC:  6    Str:  6    XL:     9   Next: 69%
MP:   22/22         EV: 15    Int: 25    God:    Vehumet [*.....]
Gold: 260           SH:  5    Dex: 13    Spells: 13/23 levels left

rFire   + . .      SeeInvis .   a - +3 flail (protect)
rCold   + + +      Faith    .   (no shield)
rNeg    . . .      Spirit   .   h - +1 robe
rPois   .          Reflect  +   s - +0 helmet
rElec   .          Harm     .   o - scarf {rC+ rF+}
rCorr   .          Rampage  .   k - +0 pair of gloves
Will    .....                   r - +0 pair of boots
Stlth   ++........              i - amulet of reflection
HPRegen 0.16/turn               l - ring of protection from cold
MPRegen 0.18/turn               j - ring of protection from cold

@: hasted, heavily drained, very quick
A: no striking features
a: Renounce Religion


You were on level 7 of the Dungeon.
You worshipped Vehumet.
Vehumet was aware of your devotion.
You visited 2 branches of the dungeon, and saw 9 of its levels.

You collected 342 gold pieces.
You spent 82 gold pieces at shops.

Inventory:

Hand Weapons
 a - a +3 flail of protection (weapon)
 b - a +3 short sword
 c - a +2 dagger of freezing
Armour
 h - a +1 robe (worn)
 k - a +0 pair of gloves (worn)
 o - a scarf of resistance (worn)
 r - a +0 pair of boots (worn)
 s - a +0 helmet (worn)
Jewellery
 i - an amulet of reflection (around neck)
 j - a ring of protection from cold (right hand)
 l - a ring of protection from cold (left hand)
 n - an amulet of faith
Wands
 v - a wand of flame (12)
 x - a wand of iceblast (6)
 y - a wand of paralysis (13)
Scrolls
 g - a scroll of enchant armour
 p - 3 scrolls of amnesia
 T - 3 scrolls of teleportation
 X - 3 scrolls of fog
Potions
 d - a potion of heal wounds {unknown}
 e - 2 potions of flight {unknown}
 f - a potion of degeneration {unknown}
 m - a potion of berserk rage {unknown}
 q - a potion of magic {unknown}
 t - 2 potions of might {unknown}
 B - 2 potions of attraction {!q}
 D - 4 potions of brilliance
 E - 2 potions of cancellation
 H - a potion of haste
 L - a potion of lignification {!q}
 M - a potion of mutation {!q}


   Skills:
 * Level 5.7 Fighting
 - Level 8.0 Dodging
 - Level 4.0 Stealth
 + Level 7.5 Spellcasting
 - Level 9.0 Conjurations
 - Level 4.0 Earth Magic


You had 13 spell levels left.
You knew the following spells:

 Your Spells              Type           Power      Damage    Failure   Level
a - Bolt of Magma         Conj/Fire/Erth 15%        4d9       30%         5
s - Searing Ray           Conj           100%       3d7       1%          2
x - Stone Arrow           Conj/Erth      82%        3d12      1%          3

Your spell library contained the following spells:

 Spells                   Type           Power      Damage    Failure   Level
 Foxfire                  Conj/Fire      100%       2x1d9     1%          1
 Magic Dart               Conj           100%       1d8       1%          1
 Dazzling Flash           Conj/Hex       62%        N/A       3%          3
 Corpse Rot               Necr/Air       N/A        N/A       10%         2
 Slow                     Hex            9%         N/A       10%         2
 Fulminant Prism          Conj/Hex       15%        3d11      10%         4
 Iskenderun's Mystic Bla  Conj/Tloc      31%        2d8       10%         4
 Confusing Touch          Hex            9%         N/A       19%         3
 Dispel Undead            Necr           9%         3d8       54%         4
 Yara's Violent Unravell  Hex/Tmut       4%         3d4       87%         5
 Death Channel            Necr           4%         N/A       100%        6
 Shatter                  Erth           14%        3d14*     100%        9


Dungeon Overview and Level Annotations

Branches:
Dungeon (8/15)             Temple (1/1) D:5
   Lair: D:8-11

Altars:
Ashenzari
Cheibriados
Dithmenos
Elyvilon
Fedhas
Gozag
Hepliaklqana
Kikubaaqudgha
Makhleb
Nemelex Xobeh
Okawaru
Qazlal
Ru
Sif Muna
Trog
Uskayaw
Vehumet
Wu Jian
Xom
Yredelemnul
Zin
The Shining One

Shops:
D:1 *   D:7 =

Annotations:
D:4 2 transporters, askman's ghost, amateur DsFi


Message History

You see here a yak corpse.
The wyvern hisses angrily.
The wyvern completely misses you. The wyvern barely misses you.
The wyvern bites you. The wyvern bites you!
There is a stone staircase leading up, spattered with blood here.
The wyvern closely misses you.
You climb upwards.
There is a stone staircase leading down here.
The searing ray hits the wyvern.
The wyvern is lightly wounded. (Press . to maintain the ray.)
The wyvern closely misses you. The wyvern completely misses you.
The searing ray hits the wyvern!
The wyvern is severely wounded.
You block the wyvern's attack.
The searing ray hits the wyvern!
You kill the wyvern!
Vehumet accepts your kill.
Magic restored.
HP restored.
Done exploring.
You climb downwards.
The orc warrior hits you with a +0 flail of draining!
You feel drained.
There is a stone staircase leading up, spattered with blood here.
You block the orc warrior's attack.
You climb upwards.
There is a stone staircase leading down here.
The orc warrior hits you with a +0 flail of draining!
* * * LOW HITPOINT WARNING * * *
You feel drained.
* * * LOW HITPOINT WARNING * * *
Okay, then.
You feel yourself speed up. The orc warrior misses you.
You open the door.
The orc warrior hits you with a +0 flail of draining!
* * * LOW HITPOINT WARNING * * *
You feel drained.
You die...

...........# #.PPP...........
...........#######...............
......######...#.......###'######
......#........#.......#......#..
......+........#....)..#......#..
......#........#.......#......#..
......#........#.......#......#..
......#....)...'.......#......#..
......#........#@......#...)..#..
........#+######o......#.....###.
########..##.#.......###.....###.
#..<...+.......#........#..
#......#.......#........#..
#......#.......#........'..
######...##.......#..##...####
##..###...#.......######...###.
#....#....#.......#...#....)...


You could see an orc warrior.

Vanquished Creatures
  Joseph (D:7)
  Prince Ribbit (D:7)
  A wyvern (D:7)
  5 yaks (D:8)
  A water moccasin (D:6)
  An orc warrior (D:6)
  5 ogres
  A necrophage (D:6)
  A phantom (D:5)
  A bullfrog (D:7)
  A wyvern zombie (D:7)
  A scorpion (D:7)
  A wyvern skeleton (D:7)
  5 electric eels (D:7)
  A centaur zombie (D:7)
  A hound (D:5)
  A bullfrog zombie (D:7)
  2 centaur skeletons
  5 orc priests
  A bullfrog skeleton (D:6)
  Terence (D:3)
  4 orc wizards
  A hound skeleton (D:2)
  A howler monkey zombie (D:7)
  3 gnolls (D:4)
  A howler monkey skeleton (D:4)
  8 adders
  2 ufetubi
  4 worms (D:2)
  An adder skeleton (D:4)
  24 orcs
  5 ball pythons
  6 endoplasms
  3 giant cockroaches
  11 hobgoblins
  7 jackals
  2 kobolds (D:1)
  5 bats
  4 frilled lizards
  7 goblins
  5 rats
142 creatures vanquished.

Vanquished Creatures (others)
  17 plants
17 creatures vanquished.

Grand Total: 159 creatures vanquished

Notes
Turn   | Place    | Note
-------+----------+-------------------------------------------
     0 | D:1      | wakim the Deep Elf Conjurer began the quest for the Orb.
     0 | D:1      | Reached XP level 1. HP: 10/10 MP: 6/6
    31 | D:1      | You fall into a shaft and drop 1 floor!
   117 | D:2      | Reached XP level 2. HP: 9/15 MP: 0/8
   240 | D:2      | Learned a level 2 spell: Searing Ray
   575 | D:1      | Reached XP level 3. HP: 19/19 MP: 7/10
   577 | D:1      | Reached skill level 5 in Conjurations
   708 | D:1      | Found Liasm's Assorted Antiques.
   717 | D:1      | Bought a scroll labelled BAIBOO QOYLIM for 22 gold pieces
  1177 | D:1      | Found a faded altar of an unknown god.
  1613 | D:2      | Reached XP level 4. HP: 24/24 MP: 8/11
  2061 | D:1      | Bought a scroll labelled FIDIVA NESCH for 22 gold pieces
  2061 | D:1      | Bought a pink potion for 19 gold pieces
  2061 | D:1      | Bought a white potion for 19 gold pieces
  2231 | D:3      | Noticed Terence
  2239 | D:3      | Killed Terence
  2932 | D:3      | Reached skill level 6 in Conjurations
  2932 | D:3      | Reached XP level 5. HP: 28/28 MP: 9/13
  3232 | D:3      | Learned a level 3 spell: Stone Arrow
  3254 | D:4      | Reached skill level 1 in Earth Magic
  3495 | D:4      | Noticed an ogre
  3516 | D:4      | Killed an ogre
  3517 | D:4      | Reached skill level 7 in Conjurations
  3517 | D:4      | Reached XP level 6. HP: 32/32 MP: 6/14
  4055 | D:4      | Noticed askman's ghost (amateur DsFi)
  4056 | D:4      | Found a transporter.
  4067 | D:4      | Found a transporter.
  4238 | D:5      | Entered Level 5 of the Dungeon
  4319 | D:5      | Found a staircase to the Ecumenical Temple.
  4323 | D:5      | Reached XP level 7. HP: 36/36 MP: 12/15
  4337 | Temple   | Entered the Ecumenical Temple
  4409 | Temple   | Became a worshipper of Vehumet
  4718 | D:5      | Reached skill level 8 in Conjurations
  5538 | D:6      | Reached skill level 9 in Conjurations
  5715 | D:6      | Reached skill level 1 in Fighting
  5715 | D:6      | Reached XP level 8. HP: 43/43 MP: 8/16
  5727 | D:6      | Reached * piety under Vehumet
  5727 | D:6      | Offered knowledge of Foxfire by Vehumet.
  5837 | D:6      | Found a stormy altar of Qazlal.
  6334 | D:7      | Noticed Joseph
  6462 | D:7      | Reached skill level 5 in Spellcasting
  6679 | D:7      | Reached skill level 5 in Dodging
  7071 | D:7      | Found Batevva's Jewellery Emporium.
  7163 | D:7      | Learned a level 5 spell: Bolt of Magma
  7209 | D:7      | Killed Joseph
  7502 | D:7      | Noticed Prince Ribbit
  7555 | D:7      | Reached XP level 9. HP: 52/52 MP: 14/20
  7615 | D:7      | Killed Prince Ribbit
  8679 | D:8      | Reached skill level 5 in Fighting
  8893 | D:7      | Slain by an orc warrior

Illustrated notes

Levels and vault maps discovered:
D:1:      amcnicky_arrival_gap_in_the_tavern_cellar, layout_rooms, serial_shops,
          shop, hellmonk_ecumenical_altar_prayer_group, st_stairs_12
D:2:      layout_basic
D:3:      layout_loops_corners, uniq_terence
D:4:      layout_basic, gammafunk_ghost_smash, hex_large, lemuel_another_geyser
D:5:      layout_loops_ring, minmay_temple_entry_junction, serial_bayou_pond_a
D:6:      layout_loops_cross, grunt_qazlal_sundering
D:7:      layout_gridville, serial_bayou, serial_bayou_lake_a,
          serial_bayou_pond_c, serial_bayou_crossing, serial_bayou_lagoon_a,
          serial_shops, shop, uniq_joseph, uniq_prince_ribbit1
D:8:      layout_rooms
Temple:   nicolae_temple_the_god_donut

Skill      XL: |  1  2  3  4  5  6  7  8  9 |
---------------+----------------------------+-----
Stealth        | 3 4 |  4.0
Conjurations   | 5 6 7 9 |  9.0
Spellcasting   | 4 6 7 |  7.5
Earth Magic    | 2 3 4 |  4.0
Dodging        | 3 6 8 |  8.0
Fighting       | 1 4 5 |  5.7

Action                   |  1- 3 |  4- 6 |  7- 9 || total
-------------------------+-------+-------+-------++-------
Melee: Unarmed           |       |     1 |       ||     1
 Cast: Magic Dart        |    14 |       |       ||    14
       Searing Ray       |    28 |    43 |    52 ||   123
       Stone Arrow       |       |       |    11 ||    11
Evoke: Wand              |       |       |     4 ||     4
  Use: Scroll            |       |     8 |     5 ||    13
       Potion            |       |       |     1 ||     1
Armor: Robe              |     1 |     2 |     3 ||     6
Dodge: Dodged            |     1 |     8 |    22 ||    31
Block: Other             |       |       |    11 ||    11

Table legend: (Time is in decaauts)
 A = Elapsed time spent in this place.
 B = Non-inter-level travel time spent in this place.
 C = Inter-level travel time spent in this place.
 D = Time resting spent in this place.
 E = Time spent auto-exploring this place.
 F = Levels seen in this place.
 G = Mean time per level.
                   A        B        C        D        E       F      G
               +--------+--------+--------+--------+--------+-----+--------+
         Total |   8951 |   8636 |    315 |    748 |   6956 |   9 |  994.6 |
       Dungeon |   8668 |   8372 |    296 |    748 |   6699 |   8 | 1083.5 |
        Temple |    282 |    263 |     19 |      0 |    257 |   1 |  282.0 |
               +--------+--------+--------+--------+--------+-----+--------+

Top non-repeatable levels by time:
     D:7: 2276 daAuts
     D:2: 1249 daAuts
     D:3: 1019 daAuts
     D:4: 1004 daAuts
     D:1: 965 daAuts
     D:5: 952 daAuts
     D:6: 890 daAuts
     D:8: 310 daAuts
  Temple: 282 daAuts
